 Dungeon Crawl Stone Soup version 0.31-a0-986-g5e6e4ef867 (webtiles) character file.

Game seed: 5915080774469962339

17810 jlumianski the Grappler (level 12, -9/82 HPs)
             Began as a Gnoll Shapeshifter on Nov 16, 2023.
             Was an Elder of Hepliaklqana.
             Mangled by a two-headed ogre
             ... wielding a +0 giant club
              (23 damage)
             ... on level 13 of the Dungeon.
             The game lasted 01:00:35 (10312 turns).

jlumianski the Grappler (Gnoll Shapeshifter)       Turns: 10312, Time: 01:00:37

Health: -9/82      AC: 10    Str: 14    XL:     12   Next: 51%
Magic:  15/23      EV: 15    Int: 20    God:    Hepliaklqana [****..]
Gold:   651        SH:  0    Dex: 12    Spells: 9/26 levels left

rFire   . . .        k - +9 staff of Olgreb {rPois∞}
rCold   + + .        (no shield)
rNeg    . . .        U - +0 steam dragon scales
rPois   ∞            (helmet currently unavailable)
rElec   .            (cloak currently unavailable)
rCorr   .            (gloves currently unavailable)
SInv    +            (boots currently unavailable)
Will    .....        u - amulet of Toeceis {Regen+ SInv}
Stlth   +++          h - +6 ring of intelligence
HPRegen 1.13/turn    q - +4 ring of protection
MPRegen 0.18/turn

%: no passive effects
@: beast-form
A: beast (slay +4), reduced essence, fangs 1, strong nose, distributed training,
talons 1, cold resistance 2
a: Begin Untransformation, Renounce Religion, Evoke the Staff of Olgreb, Recall
Ancestor, Ancestor Identity, Transference, Idealise


You were on level 13 of the Dungeon.
You worshipped Hepliaklqana.
Hepliaklqana was greatly pleased with you.
You were a hulking beast.
You visited 2 branches of the dungeon, and saw 15 of its levels.
You also visited: Bailey.

You collected 684 gold pieces.
You spent 33 gold pieces at shops.

Inventory:

Hand Weapons
 a - a +2 rapier of venom
 k - the +9 staff of Olgreb (weapon) {rPois∞}
   (You acquired it on level 2 of the Dungeon)

   Radiate:   It can be activated via the 'a'bility menu to radiate toxic
   energy, with effectiveness depending on Evocations skill.
   Pois:      It enhances your poison magic.
   rPois∞: It grants immunity to poison.
 B - a +0 broad axe
 X - a +3 trident of draining
Missiles
 g - 3 javelins
 D - 48 poisoned darts (quivered)
 F - 6 silver javelins
 G - 8 boomerangs
 Q - 2 throwing nets
Armour
 p - +0 acid dragon scales
 r - a +3 chain mail
 U - +0 steam dragon scales (worn)
Jewellery
 h - a +6 ring of intelligence (left hand)
 j - a ring of magical power
 l - a ring of willpower
 n - a ring of protection from cold
 q - a +4 ring of protection (right hand)
 u - the amulet of Toeceis (around neck) {Regen+ SInv}
   (You acquired it on level 2 of the Dungeon)

   [amulet of regeneration]

   SInv:      It lets you see invisible.
   Regen+:    It increases your rate of health regeneration.
 A - a +6 ring of dexterity
 K - a ring of wizardry
 P - a ring of flight
Talismans
 c - a beast talisman
 d - a flux talisman
Wands
 w - a wand of flame (15)
 x - a wand of polymorph (7)
 C - a wand of roots (7)
 Z - a wand of paralysis (11)
Scrolls
 f - a scroll of silence
 i - 7 scrolls of teleportation
 m - a scroll of torment
 o - 3 scrolls of revelation
 t - 2 scrolls of fog
 v - 2 scrolls of identify
 y - a scroll of enchant weapon
 E - a scroll of summoning
Potions
 b - 2 potions of lignification
 e - 2 potions of attraction
 s - 5 potions of curing
 z - 3 potions of heal wounds
 H - 4 potions of brilliance
 I - 2 potions of enlightenment
 J - 2 potions of might
 R - 2 potions of magic
 S - 3 potions of invisibility
 T - 5 potions of haste
Miscellaneous
 L - a phantom mirror


   Skills:
 + Level 8.0 Fighting
 + Level 7.5 Short Blades
 + Level 7.5 Long Blades
 + Level 7.5 Axes
 + Level 7.5 Maces & Flails
 + Level 7.5 Polearms
 + Level 7.5 Staves
 + Level 7.5 Ranged Weapons
 + Level 7.5 Throwing
 + Level 7.5 Armour
 + Level 8.9 Dodging
 + Level 7.5 Stealth
 + Level 7.5 Shields
 + Level 10.0 Unarmed Combat
 + Level 7.5 Spellcasting
 + Level 6.2 Conjurations
 + Level 6.2 Hexes
 + Level 6.2 Summonings
 + Level 6.2 Necromancy
 + Level 6.2 Translocations
 + Level 6.2 Transmutations
 + Level 6.2 Fire Magic
 + Level 6.2 Ice Magic
 + Level 6.2 Air Magic
 + Level 6.2 Earth Magic
 + Level 6.2 Poison Magic
 + Level 8.2 Invocations
 + Level 7.5 Evocations
 + Level 9.5 Shapeshifting


You had 9 spell levels left.
You knew the following spells:

 Your Spells              Type           Power      Damage    Failure   Level
a - Scorch                Fire           64%        2d7       1%          2
b - Confusing Touch       Hex            32%        N/A       1%          3
c - Summon Lightning Spi  Summ/Air       32%        N/A       7%          4
d - Dispel Undead         Necr           32%        3d14      7%          4
e - Flame Wave            Conj/Fire      32%        2d9       7%          4

Your spell library contained the following spells:

 Spells                   Type           Power      Damage    Failure   Level
 Apportation              Tloc           64%        N/A       1%          1
 Kiss of Death            Conj/Necr      100%       2d13      1%          1
 Magic Dart               Conj           100%       1d8       1%          1
 Searing Ray              Conj           64%        2d6       1%          2
 Static Discharge         Conj/Air       64%        3-6/arc   1%          2
 Call Canine Familiar     Summ           32%        N/A       1%          3
 Sigil of Binding         Hex            32%        N/A       1%          3
 Airstrike                Air            16%        2d(3-19)  7%          4
 Dimensional Bullseye     Hex/Tloc       16%        N/A       7%          4
 Fulminant Prism          Conj/Hex       16%        3d10      7%          4
 Leda's Liquefaction      Hex/Erth       16%        N/A       7%          4
 Summon Cactus Giant      Summ           16%        N/A       71%         6


Dungeon Overview and Level Annotations

Branches:
Dungeon (14/15)            Temple (1/1) D:4            Lair (0/5) D:10
    Orc (0/2) D:10         Bailey (visited)
 Vaults: D:13-14

Altars:
Ashenzari
Cheibriados
Dithmenos
Elyvilon
Fedhas
Gozag
Hepliaklqana
Kikubaaqudgha
Makhleb
Nemelex Xobeh
Okawaru
Qazlal
Ru
Sif Muna
Trog
Uskayaw
Vehumet
Wu Jian
Xom
Yredelemnul
Zin
The Shining One

Shops:
D:1 ((   D:6 (

Portals:
Trove: D:11 (give 9 potions of haste)


Innate Abilities, Weirdness & Mutations

You are a hulking beast.
Your limbs bulge with bestial killing power. (Slay +4)
Your life essence is reduced to manifest your ancestor. (-10% HP)
You have very sharp teeth.
Your uncanny sense of smell can sniff out nearby items.
Your experience applies equally to all skills.
You have sharp toenails.
Your flesh is very cold resistant. (rC++)


Message History

You open the door.
A two-headed ogre is nearby!
There is an open door here.
You begin to radiate toxic energy.
The orc knight shouts!
The orc knight is poisoned.
The troll is poisoned.
The deep elf pyromancer shouts!
The deep elf pyromancer is poisoned.
The two-headed ogre shouts in stereo!
The two-headed ogre is poisoned.
The orc knight looks even sicker.
The deep elf pyromancer looks even sicker.
You hit the troll.
You envenom the troll!
The troll looks even sicker.
Your kick misses the troll. Your bite misses the troll.
The troll is moderately wounded.
The orc knight looks even sicker.
The troll looks even sicker.
The troll barely misses you. x2; The troll closely misses you.
The deep elf pyromancer mumbles some strange words.
The deep elf pyromancer blinks!
Okay, then.
Casting: Scorch (safe; 1% risk of failure)
Confirm with . or Enter, or press ? or * to list all spells.
An electric hum fills the air.
The orc knight looks as sick as possible!
The troll barely misses you. The troll misses you. The troll barely misses you.
The two-headed ogre hits you with a +0 giant club!!
The two-headed ogre misses you.
The orc knight hits you from afar with a +0 glaive!
You sock the two-headed ogre! Your punch misses the two-headed ogre.
You bite the two-headed ogre, but do no damage.
The two-headed ogre is moderately wounded.
Your toxic aura wanes.
The orc knight hits you from afar with a +0 glaive!
The troll barely misses you. The troll misses you. The troll barely misses you.
You sock the two-headed ogre!
You envenom the two-headed ogre!
The two-headed ogre looks even sicker.
The two-headed ogre is severely wounded.
The two-headed ogre hits you with a +0 giant club!!
* * * LOW HITPOINT WARNING * * *
The two-headed ogre hits you with a +0 giant spiked club!!
You die...

###
#........#######
#.###
#...#####........
#.#.+ #e..#
#..#....# #.#.#
#...# #..#....#
#.#.# #...#
#.......# #...#
#...+ #........
#.#'####.o.#
#########
#.#....#T..# #..
#.#...RhO..# #..
#.######...# #..
#......#8......
###
#......######## ∆
#......#......#
#......#......#
#......#......#∆
#......#......#
#..##..#......#


You could see the friendly Shiptu the hexer, an orc knight (extremely poisoned),
a two-headed ogre (very poisoned, ally target), a deep elf pyromancer (very
poisoned), a troll (very poisoned) and a friendly lightning spire (summoned).

Vanquished Creatures
  A two-headed ogre (D:10)
  A centaur warrior (D:13)
  An orc knight (Bailey)
  2 ugly things
  2 cyclopes (D:12)
  A manticore (D:12)
  A gargoyle (D:11)
  Jeremiah (D:7)
  Maggie (D:7)
  Psyche (D:9)
  3 kobold demonologists
  2 komodo dragons (D:10)
  3 trolls
  Prince Ribbit (D:7)
  A hornet (D:10)
  Grinder (D:4)
  2 slime creatures (D:11)
  13 yaks
  A vampire (D:10)
  A wyvern (D:9)
  2 steam dragons (D:9)
  4 vampire mosquitoes
  2 acid dragons
  2 ice beasts
  A black bear (D:10)
  An orc warrior (D:6)
  An ogre (D:7)
  6 centaurs
  2 phantoms
  4 kobold brigands
  3 bullfrogs
  A gnoll sergeant (D:6)
  2 scorpions
  8 wights
  6 killer bees (D:11)
  7 howler monkeys
  2 gnoll boudas
  9 orc priests
  7 hounds
  A jelly (D:5)
  6 iguanas
  3 iron imps (D:3)
  A sleepcap (D:6)
  13 orc wizards
  22 gnolls
  5 adders
  A shadow imp (D:7)
  2 white imps
  2 ufetubi (D:5)
  5 worms
  A dart slug (D:3)
  52 orcs
  4 ball pythons
  6 endoplasms
  2 giant cockroaches
  10 hobgoblins
  5 jackals (D:4)
  A quokka (D:1)
  2 bats
  3 frilled lizards
  5 goblins
  22 kobolds
  6 rats (D:2)
290 creatures vanquished.

Vanquished Creatures (collateral kills)
  A cyclops (D:11)
  An ugly thing (D:8)
  A troll (D:9)
  A vampire (D:12)
  3 yaks (D:10)
  A wraith (D:12)
  An acid dragon (D:12)
  An orc warrior (D:12)
  3 centaurs
  A kobold brigand (D:9)
  A gnoll sergeant (D:8)
  3 wights
  3 orc wizards
  A gnoll (D:8)
  7 orcs
  A goblin (D:7)
  A kobold (D:9)
31 creatures vanquished.

Vanquished Creatures (others)
  3 hexers
  An orc wizard (D:6)
  4 ancestors
8 creatures vanquished.

Grand Total: 329 creatures vanquished

Notes
Turn   | Place    | Note
-------+----------+-------------------------------------------
     0 | D:1      | jlumianski the Gnoll Shapeshifter began the quest for the
                  | Orb.
     0 | D:1      | Reached XP level 1. HP: 17/17 MP: 1/1
   233 | D:1      | Found Ynuyklut's Weapon Shop.
   237 | D:1      | Reached XP level 2. HP: 13/23 MP: 2/2
   565 | D:1      | Reached XP level 3. HP: 22/28 MP: 3/3
   655 | D:1      | Reached skill level 1 in Invocations
   708 | D:2      | Reached skill level 1 in Short Blades
   708 | D:2      | Reached skill level 1 in Long Blades
   708 | D:2      | Reached skill level 1 in Axes
   708 | D:2      | Reached skill level 1 in Maces & Flails
   708 | D:2      | Reached skill level 1 in Polearms
   708 | D:2      | Reached skill level 1 in Staves
   708 | D:2      | Reached skill level 1 in Ranged Weapons
   708 | D:2      | Reached skill level 1 in Throwing
   708 | D:2      | Reached skill level 1 in Armour
   708 | D:2      | Reached skill level 1 in Stealth
   708 | D:2      | Reached skill level 1 in Shields
   708 | D:2      | Reached skill level 1 in Spellcasting
   708 | D:2      | Reached skill level 1 in Evocations
   770 | D:2      | Reached XP level 4. HP: 34/34 MP: 5/5
  1027 | D:2      | Reached skill level 1 in Conjurations
  1027 | D:2      | Reached skill level 1 in Hexes
  1027 | D:2      | Reached skill level 1 in Summonings
  1027 | D:2      | Reached skill level 1 in Necromancy
  1027 | D:2      | Reached skill level 1 in Translocations
  1027 | D:2      | Reached skill level 1 in Transmutations
  1027 | D:2      | Reached skill level 1 in Fire Magic
  1027 | D:2      | Reached skill level 1 in Ice Magic
  1027 | D:2      | Reached skill level 1 in Air Magic
  1027 | D:2      | Reached skill level 1 in Earth Magic
  1027 | D:2      | Reached skill level 1 in Poison Magic
  1107 | D:3      | Reached XP level 5. HP: 34/40 MP: 6/6
  1279 | D:2      | Identified 3 scrolls of acquirement
  1279 | D:2      | Acquired the +9 staff of Olgreb {rPois∞}
  1279 | D:2      | Found the +9 staff of Olgreb {rPois∞}
  1291 | D:2      | Acquired a +6 ring of dexterity
  1293 | D:2      | Acquired the amulet of Toeceis {Regen+ SInv}
  1461 | D:1      | Found Osiang's Weapon Boutique.
  1476 | D:1      | Bought 5 poisoned darts for 33 gold pieces
  1732 | D:3      | Found a white marble altar of Elyvilon.
  1811 | D:4      | Found a shimmering altar of Xom.
  1916 | D:5      | Entered Level 5 of the Dungeon
  1934 | D:5      | Reached XP level 6. HP: 47/47 MP: 8/8
  1957 | D:5      | Reached skill level 5 in Dodging
  1976 | D:5      | Found an iron altar of Okawaru.
  2170 | D:3      | Found a burning altar of Makhleb.
  2294 | D:4      | Reached XP level 7. HP: 52/52 MP: 10/10
  2331 | D:3      | Reached skill level 7 in Unarmed Combat
  2835 | D:4      | Found a staircase to the Ecumenical Temple.
  2841 | Temple   | Entered the Ecumenical Temple
  2850 | Temple   | Became a worshipper of Hepliaklqana the Forgotten
  2965 | D:4      | Noticed Grinder
  2971 | D:4      | Killed Grinder
  3255 | D:5      | Reached XP level 8. HP: 59/60 MP: 12/12
  3472 | D:5      | Found a blossoming altar of Fedhas.
  3516 | D:6      | Reached * piety under Hepliaklqana
  3629 | D:5      | Learned a level 2 spell: Scorch
  3860 | D:6      | Found Ruijeng's Hydra Hut.
  3866 | D:6      | Noticed a seven-headed hydra
  4187 | D:6      | Reached XP level 9. HP: 59/59 MP: 14/14
  4220 | D:7      | Found a sparkling altar of Nemelex Xobeh.
  4232 | D:7      | Noticed Maggie
  4245 | D:7      | Killed Maggie
  4271 | D:7      | Noticed Prince Ribbit
  4297 | D:6      | Reached skill level 5 in Fighting
  4331 | D:7      | Killed Prince Ribbit
  4365 | D:7      | Found a flagged portal.
  4374 | Bailey   | Entered a bailey
  4411 | Bailey   | Learned a level 3 spell: Confusing Touch
  4513 | Bailey   | Reached skill level 8 in Unarmed Combat
  4666 | Bailey   | Gained mutation: Your flesh is cold resistant. (rC+)
                  | [potion of mutation]
  4666 | Bailey   | Gained mutation: You have sharp toenails. [potion of
                  | mutation]
  4666 | Bailey   | Gained mutation: Your flesh is very cold resistant. (rC++)
                  | [potion of mutation]
  4669 | Bailey   | Noticed an orc knight
  4678 | Bailey   | Killed an orc knight
  4679 | Bailey   | Reached skill level 5 in Invocations
  4821 | D:8      | Identified the of Joyddypp
  4849 | D:7      | Noticed Jeremiah
  4961 | D:7      | HP: 1/55 [Jeremiah/divine providence (17)]
  4975 | D:7      | Killed Jeremiah
  4976 | D:7      | Reached skill level 5 in Short Blades
  4976 | D:7      | Reached skill level 5 in Long Blades
  4976 | D:7      | Reached skill level 5 in Axes
  4976 | D:7      | Reached skill level 5 in Maces & Flails
  4976 | D:7      | Reached skill level 5 in Polearms
  4976 | D:7      | Reached skill level 5 in Staves
  4976 | D:7      | Reached skill level 5 in Ranged Weapons
  4976 | D:7      | Reached skill level 5 in Throwing
  4976 | D:7      | Reached skill level 5 in Armour
  4976 | D:7      | Reached skill level 5 in Stealth
  4976 | D:7      | Reached skill level 5 in Shields
  4976 | D:7      | Reached skill level 5 in Spellcasting
  4976 | D:7      | Reached skill level 5 in Evocations
  4976 | D:7      | Reached XP level 10. HP: 29/68 MP: 17/17
  5066 | D:7      | Found a broken altar of Ashenzari.
  5685 | D:8      | Reached ** piety under Hepliaklqana
  5692 | D:8      | Remembered your ancestor Shiptu as a hexer
  5803 | D:8      | Noticed a green ugly thing
  5820 | D:8      | Killed a green ugly thing
  6111 | D:8      | Found an ancient bone altar of Kikubaaqudgha.
  6137 | D:8      | Found a radiant altar of Vehumet.
  6143 | D:8      | Found a shimmering blue altar of Sif Muna.
  6633 | D:9      | Noticed a kobold demonologist
  6638 | D:9      | Noticed a kobold demonologist
  6642 | D:9      | Killed a kobold demonologist
  6647 | D:9      | Killed a kobold demonologist
  6648 | D:9      | Reached XP level 11. HP: 74/74 MP: 14/19
  6681 | D:9      | Reached skill level 9 in Unarmed Combat
  6687 | D:9      | Reached skill level 5 in Conjurations
  6687 | D:9      | Reached skill level 5 in Hexes
  6687 | D:9      | Reached skill level 5 in Summonings
  6687 | D:9      | Reached skill level 5 in Necromancy
  6687 | D:9      | Reached skill level 5 in Translocations
  6687 | D:9      | Reached skill level 5 in Transmutations
  6687 | D:9      | Reached skill level 5 in Fire Magic
  6687 | D:9      | Reached skill level 5 in Ice Magic
  6687 | D:9      | Reached skill level 5 in Air Magic
  6687 | D:9      | Reached skill level 5 in Earth Magic
  6687 | D:9      | Reached skill level 5 in Poison Magic
  6731 | D:10     | Entered Level 10 of the Dungeon
  6828 | D:9      | Noticed Psyche
  6838 | D:9      | Killed Psyche
  6912 | D:9      | Reached *** piety under Hepliaklqana
  7441 | D:10     | Found a staircase to the Lair.
  7629 | D:10     | Found a hide-covered altar of Uskayaw.
  7721 | D:10     | Found a staircase to the Orcish Mines.
  7750 | D:10     | Noticed a two-headed ogre
  7765 | D:10     | Killed a two-headed ogre
  7838 | D:10     | Found a stormy altar of Qazlal.
  8212 | D:12     | Learned a level 4 spell: Summon Lightning Spire
  8251 | D:12     | Noticed a cyclops
  8252 | D:12     | Noticed a cyclops
  8273 | D:12     | Killed a cyclops
  8295 | D:12     | Killed a cyclops
  8300 | D:12     | Noticed a manticore
  8591 | D:11     | Reached XP level 12. HP: 16/81 MP: 18/22
  8749 | D:11     | Found a portal to a secret trove of treasure.
  9131 | D:11     | Reached **** piety under Hepliaklqana
  9765 | D:13     | Noticed a two-headed ogre
  9967 | D:13     | Learned a level 4 spell: Dispel Undead
  9972 | D:13     | Learned a level 4 spell: Flame Wave
  9975 | D:14     | Identified the "Iffoteco"
 10061 | D:13     | Noticed a centaur warrior
 10187 | D:13     | Reached skill level 10 in Unarmed Combat
 10197 | D:13     | Killed a centaur warrior
 10312 | D:13     | Mangled by a two-headed ogre

Illustrated notes

Levels and vault maps discovered:
D:1:      ldierk_walled_garden, layout_loops_ring, serial_shops, shop,
          nicolae_shop_waterfront
D:2:      layout_rooms
D:3:      layout_rooms, demons_altar, mainiacjoe_overflow_alcove_2
D:4:      layout_basic, xom_teletrap_fun, minmay_temple_entry_fiery,
          kennysheep_generic_room_10, uniq_grinder
D:5:      layout_rooms, nicolae_overflow_crystal_walls, fedhas_altar_1
D:6:      layout_loops_ring, doesnt_shop_hydraphobe
D:7:      layout_gridville, nemelex_xobeh_ov_fountains_minmay,
          overflow_temple_1_default, enter_bailey_4, abandoned_shop,
          uniq_jeremiah, uniq_maggie, uniq_prince_ribbit1
D:8:      layout_basic, grunt_temple_overflow_magic_moments
D:9:      layout_long_grid, uniq_psyche
D:10:     layout_roguey, lemuel_round_altar, lemuel_crystal_altar,
          grunt_lair_entry_orc_guard_hut
D:11:     layout_loops_ring, nicolae_trove_entry_columns
D:12:     layout_rooms
D:13:     hellmonk_ruined_rings, layout_stronghold, david_vaults_1
D:14:     layout_gridville, nicolae_elevator_lobby_asterisk,
          minmay_fractal_squares_gapless_7, uniq_roxanne, uniq_lodul,
          uniq_rupert, uniq_agnes
Temple:   eino_temple_lava

Skill      XL: |  1  2  3  4  5  6  7  8  9 10 11 12 |
---------------+-------------------------------------+-----
Invocations    | 1 2 3 4 5 6 7 8 |  8.2
Short Blades   | 1 2 3 5 7 |  7.5
Long Blades    | 1 2 3 5 7 |  7.5
Axes           | 1 2 3 5 7 |  7.5
Maces & Flails | 1 2 3 5 7 |  7.5
Polearms       | 1 2 3 5 7 |  7.5
Staves         | 1 2 3 5 7 |  7.5
Ranged Weapons | 1 2 3 5 7 |  7.5
Throwing       | 1 2 3 5 7 |  7.5
Armour         | 1 2 3 5 7 |  7.5
Stealth        | 1 2 3 5 7 |  7.5
Shields        | 1 2 3 5 7 |  7.5
Spellcasting   | 1 2 3 5 7 |  7.5
Evocations     | 1 2 3 5 7 |  7.5
Conjurations   | 1 2 3 4 5 6 |  6.2
Hexes          | 1 2 3 4 5 6 |  6.2
Summonings     | 1 2 3 4 5 6 |  6.2
Necromancy     | 1 2 3 4 5 6 |  6.2
Translocations | 1 2 3 4 5 6 |  6.2
Transmutations | 1 2 3 4 5 6 |  6.2
Fire Magic     | 1 2 3 4 5 6 |  6.2
Ice Magic      | 1 2 3 4 5 6 |  6.2
Air Magic      | 1 2 3 4 5 6 |  6.2
Earth Magic    | 1 2 3 4 5 6 |  6.2
Poison Magic   | 1 2 3 4 5 6 |  6.2
Fighting       | 3 4 5 6 7 8 |  8.0
Dodging        | 5 6 7 8 |  8.9
Unarmed Combat | 7 8 9 10 | 10.0
Shapeshifting  | 7 8 9 |  9.5

Action                     |  1- 3 |  4- 6 |  7- 9 | 10-12 || total
---------------------------+-------+-------+-------+-------++-------
  Melee: Unarmed           |    58 |    72 |       |       ||   130
         Punch             |     2 |     6 |     9 |    17 ||    34
         Bite              |     5 |    21 |    24 |    38 ||    88
         Staff             |       |    70 |   252 |   337 ||   659
         Kick              |       |       |     8 |   111 ||   119
  Throw: Dart              |       |       |     8 |     6 ||    14
   Cast: Scorch            |       |       |    13 |     2 ||    15
         Confusing Touch   |       |       |       |     1 ||     1
         Summon Lightning  |       |       |       |     1 ||     1
 Invoke: Recall Ancestor   |       |       |     2 |       ||     2
         Ancestor Life: He |       |       |       |     1 ||     1
Ability: Evoke the Staff o |       |       |     1 |    16 ||    17
  Evoke: Wand              |       |       |     7 |     1 ||     8
    Use: Scroll            |       |    12 |     5 |     5 ||    22
         Potion            |       |       |     4 |     4 ||     8
   Stab: Sleeping          |       |       |     2 |     4 ||     6
         Confused          |       |       |       |     7 ||     7
         Distracted        |       |       |       |     5 ||     5
         Paralysed         |       |       |       |     1 ||     1
 Armour: Animal skin       |     4 |       |       |       ||     4
         Ring mail         |    29 |    81 |    67 |       ||   177
         Leather armour    |       |       |   117 |       ||   117
         Steam dragon scal |       |       |    10 |   234 ||   244
         Skin              |       |       |       |     4 ||     4
  Dodge: Dodged            |    25 |    95 |   174 |   243 ||   537

Table legend: (Time is in decaauts)
 A = Elapsed time spent in this place.
 B = Non-inter-level travel time spent in this place.
 C = Inter-level travel time spent in this place.
 D = Time resting spent in this place.
 E = Time spent auto-exploring this place.
 F = Levels seen in this place.
 G = Mean time per level.
                   A        B        C        D        E       F      G
               +--------+--------+--------+--------+--------+-----+--------+
         Total |  10296 |   9936 |    360 |    487 |   4899 |  16 |  643.5 |
       Dungeon |   9871 |   9511 |    360 |    487 |   4843 |  14 |  705.1 |
        Temple |     22 |     22 |      0 |      0 |      0 |   1 |   22.0 |
        Bailey |    402 |    402 |      0 |      0 |     56 |   1 |  402.0 |
               +--------+--------+--------+--------+--------+-----+--------+

Top non-repeatable levels by time:
     D:8: 992 daAuts
    D:11: 973 daAuts
     D:6: 939 daAuts
     D:4: 928 daAuts
     D:1: 790 daAuts
     D:9: 771 daAuts
    D:12: 733 daAuts
     D:5: 708 daAuts
     D:2: 653 daAuts
    D:10: 638 daAuts
     D:3: 619 daAuts
     D:7: 546 daAuts
    D:13: 502 daAuts
  Bailey: 402 daAuts
    D:14: 74 daAuts
